 Dungeon Crawl Stone Soup version 0.30-a0-49-g1cef19eb02 (webtiles) character file.

Game seed: 17479468519023682865

5144 kae the Arsonist (level 10, -7/69 HPs)
             Began as a Demigod Fire Elementalist on Sept 1, 2022.
             Mangled by a yak (14 damage)
             ... on level 9 of the Dungeon on Sept 2, 2022.
             The game lasted 00:13:32 (12419 turns).

kae the Arsonist (Demigod Fire Elementalist)       Turns: 12419, Time: 00:13:33

Health: -7/69      AC:  7    Str:  9    XL:     10   Next: 11%
Magic:  11/22      EV: 11    Int: 29    God:
Gold:   457        SH:  0    Dex: 14    Spells: 8/21 levels left

rFire   + + .      SeeInvis +    D - staff of fire {!a}
rCold   . . .      Faith    .    (no shield)
rNeg    . . .      Spirit   .    w - +3 leather armour
rPois   .          Reflect  .    i - +0 helmet
rElec   .          Harm     .    (no cloak)
rCorr   .          Rampage  .    (no gloves)
Will    +....                    (no boots)
Stlth   ++........               (no amulet)
HPRegen 0.21/turn                v - ring of see invisible
MPRegen 0.18/turn                F - ring of protection from fire

@: no status effects
A: high MP 1, forlorn, divine attributes
a: no special abilities


You were on level 9 of the Dungeon.
You visited 2 branches of the dungeon, and saw 10 of its levels.

You collected 457 gold pieces.


Innate Abilities, Weirdness & Mutations

You have an increased reservoir of magic. (+10% MP)
You shall have no god before yourself.
Your divine heritage dramatically boosts your attributes as you level up.


   Skills:
 - Level 1.7 Dodging
 - Level 1.7 Stealth
 + Level 6.0 Spellcasting
 * Level 9.0 Conjurations
 * Level 9.4 Fire Magic


You had 8 spell levels left.
You knew the following spells:

 Your Spells              Type           Power      Damage    Failure   Level
a - Foxfire               Conj/Fire      100%       2x1d9     1%          1
b - Scorch                Fire           100%       2d10      1%          2
c - Conjure Flame         Conj/Fire      75%        6-21      1%          3
d - Inner Flame           Hex/Fire       52%        N/A       3%          3
e - Flame Wave            Conj/Fire      75%        2d17      1%          4

Your spell library contained the following spells:

 Spells                   Type           Power      Damage    Failure   Level
 Magic Dart               Conj           100%       1d8       1%          1
 Shock                    Conj/Air       100%       1d9       1%          1
 Searing Ray              Conj           100%       2d8       1%          2
 Summon Small Mammal      Summ           32%        N/A       8%          1
 Fulminant Prism          Conj/Hex       17%        3d11      12%         4
 Call Canine Familiar     Summ           8%         N/A       24%         3
 Summon Guardian Golem    Hex/Summ       8%         N/A       24%         3
 Animate Armour           Summ/Erth      16%        N/A       61%         4
 Iron Shot                Conj/Erth      17%        9d4       88%         6
 Blade Hands              Tmut           4%         N/A       91%         5

Inventory:

Hand Weapons
 u - a +1 vorpal falchion
   (You took it off an orc priest in the Ecumenical Temple)
Missiles
 c - 115 stones
 d - 5 poisoned darts
 n - 8 boomerangs
 o - 7 curare-tipped darts {=f}
 x - 10 javelins
 A - 2 atropa-tipped darts
Armour
 a - a +0 robe
 i - a +0 helmet (worn)
   (You found it on level 1 of the Dungeon)
 w - a +3 leather armour (worn)
   (You took it off an orc in the Ecumenical Temple)
Magical Staves
 D - a staff of fire (weapon) {!a}
   (You found it on level 8 of the Dungeon)
Jewellery
 v - a ring of see invisible (left hand)
   (You found it on level 1 of the Dungeon)
 F - a ring of protection from fire (right hand)
   (You found it on level 3 of the Dungeon)
 T - an amulet of faith {!P}
   (You found it on level 3 of the Dungeon)
 Z - a ring of wizardry
   (You found it on level 5 of the Dungeon)
Wands
 s - a wand of roots (8)
   (You found it on level 5 of the Dungeon)
 z - a wand of acid (12)
   (You took it off an orc wizard on level 7 of the Dungeon)
 B - a wand of flame (29)
   (You took it off an orc on level 7 of the Dungeon)
Scrolls
 j - 2 scrolls of teleportation {@r4}
 y - a scroll of immolation {!r!r}
 C - a scroll of magic mapping {!r}
Potions
 b - 2 potions of magic
 e - 3 potions of invisibility
 f - 2 potions of flight {unknown}
 g - 3 potions of ambrosia {unknown}
 h - a potion of attraction {unknown}
 k - 2 potions of brilliance {unknown}
 l - a potion of berserk rage {!q}
 m - 2 potions of resistance {unknown}
 p - a potion of lignification {!q}
 q - 3 potions of curing {@q1}
 r - a potion of cancellation {unknown}
 t - 3 potions of might {unknown}
 E - a potion of heal wounds {unknown}

Dungeon Overview and Level Annotations

Branches:
Dungeon (9/15) Zot: 26571  Temple (1/1) D:6 Zot: 5460
   Lair: D:8-11         Orc: D:9-12

Annotations:
D:4 Dowan
D:7 1 runed translucent door, Crazy Yiuf

#.# #.# #.# ### #.# ..
#.# ##.# #.# #†.
#'########## ##'#######
...........# #YY.......
...........####.@......!
...........'..'.........
...........####.........
...[.......# #.........
...........# #.........
############ #.........
##########


You could see 2 yaks.


Message History

The yak is no longer more vulnerable to fire.
The yak is engulfed in blazing flames. 😕 MP[-4]
You lost 4 mp, and now have 9/21 mp.
A wave of flame ripples out!
The flame wave engulfs the yak!!
You kill the yak!
The flame wave engulfs the yak! 😕 MP[-1]
You lost 1 mp, and now have 8/21 mp.
A wave of flame ripples out!
The flame wave engulfs the yak!!
You kill the yak!
You finish channelling waves of flame.
You have reached level 10! 😕 HP[+7] MP[-1]
You now have 69 max hp (+7).
You regained 7 hp, and now have 64/69 hp.
There is an open door here.
Things that are here:
a yak corpse; a yak corpse You open the door.
Key pressed, stopping explore.
r - a glowing golden potion 😎 HP[+5] MP[+15]
Your hp is fully restored (69).
Your mp is fully restored (22).
You open the door.
There is an open door here.
You open the door.
There is an open door here.
You open the door. 5 yaks come into view.
The yak bellows! x4
There are monsters nearby!
There are monsters nearby!
There are monsters nearby!
The yak bellows!
You hit the yak. The yak gores you! 😕 HP[-10]
You take 10 damage, and now have 59/69 hp.
Casting: Flame Wave (dangerous; 1% risk of failure)
Confirm with . or Enter, or press ? or * to list all spells.
Casting: Flame Wave (dangerous; 1% risk of failure)
Press: ? - help, Dir - look around, f - activate You feel a surge of power!
A wave of flame ripples out!
The flame wave engulfs the yak! (Press . to intensify the flame waves.)
The yak gores you but does no damage. 😕 MP[-4]
You lost 4 mp, and now have 18/22 mp.
A wave of flame ripples out!
The flame wave engulfs the yak! x3 😕 MP[-1]
You lost 1 mp, and now have 17/22 mp.
A wave of flame ripples out!
The flame wave engulfs the yak!! x2
You kill the yak!
The flame wave engulfs the yak! x2; You finish channelling waves of flame. 😕 MP[-1]
You lost 1 mp, and now have 16/22 mp.
You hit the yak but do no damage. 😕 HP[+1]
You hit the yak. The yak gores you! 😕 HP[-8]
You take 8 damage, and now have 52/69 hp.
The yak attacks as you move away! The yak gores you.
The yak closely misses you. 😮 HP[-4] MP[+1]
You take 4 damage, and now have 48/69 hp.
You hit the yak but do no damage. The yak gores you but does no damage.
The yak completely misses you. The yak gores you! x2
* * * LOW HITPOINT WARNING * * *
The yak gores you!
* * * LOW HITPOINT WARNING * * *
😨 HP[-27]
You take 27 damage, and now have 21/69 hp.
MASSIVE DAMAGE!! (PAUSE)
Casting: Flame Wave (dangerous; 1% risk of failure)
Confirm with . or Enter, or press ? or * to list all spells.
Casting: Flame Wave (dangerous; 1% risk of failure)
Press: ? - help, Dir - look around, f - activate You feel a surge of power!
A wave of flame ripples out!
The flame wave engulfs the yak.
The flame wave engulfs the yak!!
You kill the yak!
The flame wave engulfs the yak!!
You kill the yak! (Press . to intensify the flame waves.)
The yak barely misses you.
Your Spellcasting skill increases to level 6!
Your Conjurations skill increases to level 9! 😨 HP[+1] MP[-4]
You lost 4 mp, and now have 13/22 mp.
A wave of flame ripples out!
The flame wave engulfs the yak! x2
The yak gores you!
* * * LOW HITPOINT WARNING * * *
The yak gores you.
* * * LOW HITPOINT WARNING * * *
😱 HP[-15] MP[-1]
You take 15 damage, and now have 7/69 hp.
MASSIVE DAMAGE!! (PAUSE)
You lost 1 mp, and now have 12/22 mp.
A wave of flame ripples out!
The flame wave engulfs the yak! x2
You finish channelling waves of flame.
The yak gores you!
You die...

Skill      XL: |  1  2  3  4  5  6  7  8  9 10 |
---------------+-------------------------------+-----
Conjurations   | 1 2 3 4 5 7 8 9 |  9.0
Fire Magic     | 3 4 5 6 7 9 |  9.4
Spellcasting   | 2 3 4 5 6 |  6.0
Dodging        | |  1.7
Stealth        | |  1.7

Action                   |  1- 3 |  4- 6 |  7- 9 | 10-12 || total
-------------------------+-------+-------+-------+-------++-------
Melee: Unarmed           |     8 |       |       |       ||     8
       Falchion          |       |       |     2 |       ||     2
       Staff             |       |       |     1 |     4 ||     5
 Cast: Foxfire           |    92 |    64 |   149 |       ||   305
       Scorch            |    11 |    15 |    84 |       ||   110
       Conjure Flame     |       |     4 |    14 |       ||    18
       Inner Flame       |       |       |     6 |       ||     6
       Flame Wave        |       |       |     3 |     2 ||     5
  Use: Scroll            |     1 |     9 |     5 |       ||    15
Armor: Robe              |     6 |     8 |     2 |       ||    16
       Leather armour    |       |       |    29 |     2 ||    31
Dodge: Dodged            |    25 |    25 |    89 |     3 ||   142

Levels and vault maps discovered:
D:1:      heliophobic_arrival_battle_scene, layout_loops_ring,
          shapermc_ecumenical_altar_rom_forum
D:2:      layout_loops_ring, basic_altar
D:3:      layout_rooms, minmay_misc_feat_roman
D:4:      layout_loops_ring, tso_altar, overflow_temple_1_default, serial_shops,
          shop, uniq_duvessa
D:5:      layout_basic, serial_aquarium, aquarium_bridge_island_small
          [aquarium_subvault_small_water, aquarium_subvault_wall,
          aquarium_subvault_bridge, aquarium_subvault_bridge,
          aquarium_subvault_bridge], aquarium_bridge_square
          [aquarium_subvault_bridge, aquarium_subvault_window,
          aquarium_subvault_bridge, aquarium_subvault_bridge],
          aquarium_window_1, aquarium_window_fake, aquarium_window_fake,
          aquarium_window_corridor_3, aquarium_view_2c
D:6:      cheibrodos_two_vegetables, layout_basic, mainiacjoe_overflow_catwalk,
          nicolae_elyvilon_temple_path, minmay_temple_entry_stoned_glass,
          lemuel_flamethrower_1
D:7:      layout_basic, uniq_crazy_yiuf_cottage
D:8:      nicolae_whirlpool, layout_rooms, fedhas_altar_3,
          nicolae_figureground_pulse
D:9:      layout_roguey
Temple:   minmay_temple_bridge_d

Notes
Turn   | Place    | Note
-------+----------+-------------------------------------------
     0 | D:1      | kae the Demigod Fire Elementalist began the quest for the
                  | Orb.
     0 | D:1      | Reached XP level 1. HP: 14/14 MP: 5/5
     0 | D:1      | magus.rc [v1.11.3]
     3 | D:1      | You pick up a book of Iron and begin reading...
     3 | D:1      | You add the spells Animate Armour, Blade Hands and Iron
                  | Shot to your library.
    83 | D:1      | Reached skill level 1 in Conjurations
   480 | D:1      | Reached skill level 3 in Fire Magic
   480 | D:1      | Reached XP level 2. HP: 20/20 MP: 4/7
   483 | D:1      | Learned a level 2 spell: Scorch
   674 | D:1      | Got Plato's Almanac of Clouds
   697 | D:1      | You pick up a book of Conjurations and begin reading...
   697 | D:1      | You add the spells Magic Dart, Searing Ray and Fulminant
                  | Prism to your library.
  1009 | D:2      | Reached skill level 2 in Spellcasting
  1091 | D:2      | magus.rc [v1.11.3]
  1547 | D:2      | Reached XP level 3. HP: 26/26 MP: 3/8
  1551 | D:2      | Learned a level 3 spell: Conjure Flame
  1618 | D:2      | Reached skill level 2 in Conjurations
  2351 | D:3      | Reached XP level 4. HP: 32/33 MP: 7/10
  2463 | D:3      | Upgraded the game from 0.30-a0-46-g5a63ccc183 to
                  | 0.30-a0-49-g1cef19eb02
  2463 | D:3      | magus.rc [v1.11.3]
  3020 | D:4      | Noticed Dowan
  3113 | D:4      | Reached skill level 3 in Conjurations
  3113 | D:4      | Reached skill level 4 in Fire Magic
  3113 | D:4      | Reached XP level 5. HP: 32/38 MP: 4/11
  3248 | D:4      | Learned a level 3 spell: Inner Flame
  3384 | D:4      | Found Yckes's Jewellery Emporium.
  3815 | D:5      | Entered Level 5 of the Dungeon
  3816 | D:5      | Identified the +0 chain mail of Happiness {Slay+4}
  4061 | D:5      | HP: 3/38 [iguana (7)]
  4119 | D:5      | Reached XP level 6. HP: 12/45 MP: 0/13
  4459 | D:5      | Reached skill level 3 in Spellcasting
  4566 | D:5      | Reached skill level 4 in Conjurations
  4566 | D:5      | Reached skill level 5 in Fire Magic
  5019 | D:5      | Reached XP level 7. HP: 50/50 MP: 7/15
  5452 | D:6      | Found a staircase to the Ecumenical Temple.
  5633 | D:6      | HP: 12/50 [orc/+0 mace (7)]
  5638 | D:6      | HP: 12/50 [orc/+0 mace (1)]
  5642 | Temple   | Entered the Ecumenical Temple
  6005 | Temple   | Reached skill level 5 in Conjurations
  6617 | D:6      | Reached skill level 6 in Fire Magic
  6825 | D:6      | Noticed a wraith
  6842 | D:6      | Killed a wraith
  6843 | D:6      | Reached skill level 4 in Spellcasting
  6843 | D:6      | Reached XP level 8. HP: 35/57 MP: 8/17
  6963 | D:6      | Reached skill level 6 in Conjurations
  7415 | D:6      | Reached skill level 7 in Fire Magic
  8117 | D:7      | Learned a level 4 spell: Flame Wave
  8146 | D:7      | HP: 14/57 [orc priest/divine providence (12)]
  8502 | D:7      | Found a runed translucent door.
  8503 | D:7      | Noticed Crazy Yiuf
  8556 | D:7      | HP: 12/57 [orc priest/+0 flail (6)]
  9163 | D:7      | Reached skill level 7 in Conjurations
  9677 | D:8      | Reached XP level 9. HP: 62/62 MP: 14/20
  9743 | D:8      | You pick up a book of Callings and begin reading...
  9743 | D:8      | You add the spells Summon Small Mammal, Call Canine
                  | Familiar and Summon Guardian Golem to your library.
  9813 | D:7      | Reached skill level 5 in Spellcasting
  9814 | D:7      | HP: 15/62 [poisoned by a killer bee]
 10145 | D:8      | Reached skill level 8 in Fire Magic
 10327 | D:8      | HP: 14/62 [centaur/arrow (8)]
 10329 | D:8      | HP: 2/62 [centaur/arrow (12)]
 10907 | D:8      | HP: 14/62 [orc warrior/+0 glaive (6)]
 10908 | D:8      | HP: 2/62 [orc warrior/stone (12)]
 11405 | D:8      | Reached skill level 8 in Conjurations
 12047 | D:9      | Reached skill level 9 in Fire Magic
 12308 | D:9      | Reached XP level 10. HP: 64/69 MP: 7/22
 12418 | D:9      | Reached skill level 6 in Spellcasting
 12418 | D:9      | Reached skill level 9 in Conjurations
 12418 | D:9      | HP: 12/69 [yak (10)]
 12419 | D:9      | Mangled by a yak

Vanquished Creatures
  11 yaks (D:9)
  A wraith (D:6)
  2 ice beasts
  3 orc warriors (D:8)
  A black bear (D:5)
  2 sky beasts
  3 ogres
  5 centaurs
  A phantom (D:5)
  3 necrophages
  A scorpion (D:7)
  2 bullfrogs
  9 killer bees
  7 electric eels (D:6)
  A jelly (D:6)
  7 orc priests
  A hound (D:6)
  3 iguanas (D:5)
  3 gnoll boudas
  8 orc wizards
  16 gnolls
  5 adders
  A shadow imp (D:6)
  A white imp (D:8)
  2 worms (D:2)
  2 dart slugs
  28 orcs
  6 ball pythons
  3 bats
  5 endoplasms
  A giant cockroach (D:2)
  3 goblins (D:2)
  6 hobgoblins
  4 jackals (D:2)
  8 kobolds
  3 quokkas
  3 frilled lizards
  4 rats
175 creatures vanquished.

Vanquished Creatures (collateral kills)
  3 foxfires (D:6)
3 creatures vanquished.

Vanquished Creatures (others)
  508 foxfires
  25 fungi
  15 plants
548 creatures vanquished.

Grand Total: 726 creatures vanquished

Table legend:
 A = Non-vault XP
 B = Vault XP
 C = Vault XP percentage of total XP
 D = Non-vault monster count
 E = Vault monster count
 F = Vault count percentage of total count
                 A         B        C        D         E       F
            +---------+---------+-------+---------+---------+-------
      Total |    6160 |    1189 |  16.2 |     162 |      13 |   7.4
            +---------+---------+-------+---------+---------+-------
        D:1 |      19 |       0 |   0.0 |      11 |       0 |   0.0
        D:2 |      69 |       0 |   0.0 |      26 |       0 |   0.0
        D:3 |      50 |       0 |   0.0 |      16 |       0 |   0.0
        D:4 |     160 |       0 |   0.0 |      13 |       0 |   0.0
        D:5 |     608 |       0 |   0.0 |      15 |       0 |   0.0
        D:6 |     791 |     742 |  48.4 |      12 |       9 |  42.9
        D:7 |     918 |       0 |   0.0 |      26 |       0 |   0.0
        D:8 |    1224 |     447 |  26.8 |      27 |       4 |  12.9
        D:9 |    2242 |       0 |   0.0 |      11 |       0 |   0.0
     Temple |      79 |       0 |   0.0 |       5 |       0 |   0.0
            +---------+---------+-------+---------+---------+-------

Illustrated notes

Table legend:
 A = Kills in this place as a percentage of kills in entire the game.
 B = Kills by you in this place as a percentage of kills by you in the entire game.
 C = Kills by friends in this place as a percentage of kills by friends in the entire game.
 D = Other kills in this place as a percentage of other kills in the entire game.
 E = Experience gained in this place as a percentage of experience gained in the entire game.
 F = Experience gained in this place divided by the number of levels of this place that you have seen.
                   A       B       C       D       E      F
               +-------+-------+-------+-------+-------+----------------------
         Total | 100.0 | 100.0 |   N/A |   N/A | 100.0 | 734.9
       Dungeon |  97.1 |  97.1 |   N/A |   N/A |  98.9 | 807.8
        Temple |   2.9 |   2.9 |   N/A |   N/A |   1.1 |  79.0
               +-------+-------+-------+-------+-------+----------------------

Table legend: (Time is in decaauts)
 A = Elapsed time spent in this place.
 B = Non-inter-level travel time spent in this place.
 C = Inter-level travel time spent in this place.
 D = Time resting spent in this place.
 E = Time spent auto-exploring this place.
 F = Levels seen in this place.
 G = Mean time per level.
                   A        B        C        D        E       F      G
               +--------+--------+--------+--------+--------+-----+--------+
         Total |  12467 |  12040 |    427 |   1613 |   8948 |  10 | 1246.7 |
       Dungeon |  11928 |  11501 |    427 |   1117 |   8948 |   9 | 1325.3 |
        Temple |    539 |    539 |      0 |    496 |      0 |   1 |  539.0 |
               +--------+--------+--------+--------+--------+-----+--------+

Top non-repeatable levels by time:
     D:7: 2251 daAuts
     D:6: 1965 daAuts
     D:8: 1754 daAuts
     D:5: 1714 daAuts
     D:2: 1221 daAuts
     D:1: 970 daAuts
     D:4: 940 daAuts
     D:3: 682 daAuts
  Temple: 539 daAuts
     D:9: 427 daAuts
